 Dungeon Crawl Stone Soup version 0.29-a0-575-g0dc89cf053 (webtiles) character file.

Game seed: 5515606147501651753

1201 porpoise the Chopper (level 8, -5/60 HPs)
             Began as a Barachi Fighter on June 13, 2022.
             Was a Follower of Hepliaklqana.
             Killed from afar by an electric eel (7 damage)
             ... with a bolt of electricity
             ... on level 6 of the Dungeon.
             The game lasted 00:19:38 (5375 turns).

porpoise the Chopper (Barachi Fighter)              Turns: 5375, Time: 00:19:39

Health: -5/60      AC: 15    Str: 19    XL:     8   Next: 44%
Magic:  8/8        EV:  9    Int:  9    God:    Hepliaklqana [*.....]
Gold:   31         SH: 10    Dex: 15    Spells: 7/7 levels left

rFire   + + +      SeeInvis .   b - +0 hunting sling
rCold   + + .      Faith    .   c - +0 buckler
rNeg    . . .      Spirit   .   s - +4 scale mail of Negligence {rF++ rC+}
rPois   .          Reflect  +   A - +1 helmet of the Seven of Cups {Dex+3}
rElec   .          Harm     .   y - +0 cloak
rCorr   .          Rampage  .   (no gloves)
Will    .....                   (no boots)
Stlth   ..........              m - amulet of reflection
HPRegen 0.20/turn               l - ring of protection from cold
MPRegen 0.11/turn               v - ring of protection from fire

@: slow
A: reduced essence, amphibious, slowness 1, strong legs 1, +LOS
a: Hop, Renounce Religion, Recall Ancestor, Ancestor Identity


You were on level 6 of the Dungeon.
You worshipped Hepliaklqana.
Hepliaklqana was aware of your devotion.
You visited 2 branches of the dungeon, and saw 7 of its levels.

You collected 281 gold pieces.
You spent 250 gold pieces at shops.

Inventory:

Hand Weapons
 a - a +0 war axe
 b - a +0 hunting sling (weapon)
Missiles
 e - 5 silver javelins
 i - 13 poisoned darts
 B - 6 curare-tipped darts
Armour
 c - a +0 buckler (worn)
 s - the +4 scale mail of Negligence (worn) {rF++ rC+}
   (You found it on level 3 of the Dungeon)

   rF:        It greatly protects you from fire.
   rC:        It protects you from cold.
 y - a +0 cloak (worn)
 A - the +1 helmet of the Seven of Cups (worn) {Dex+3}
   (You bought it in a shop on level 5 of the Dungeon)

   Dex:       It affects your dexterity (+3).
Magical Staves
 n - a staff of air
Jewellery
 l - a ring of protection from cold (left hand)
 m - an amulet of reflection (around neck)
 v - a ring of protection from fire (right hand)
Wands
 j - a wand of iceblast (8)
 r - a wand of polymorph (7)
Scrolls
 f - a scroll of noise {unknown}
 g - a scroll of amnesia
 h - a scroll of summoning {unknown}
 k - 2 scrolls of enchant armour {unknown}
 q - 4 scrolls of identify
 t - a scroll of teleportation {unknown}
 x - a scroll of immolation {unknown}
 z - a scroll of magic mapping {unknown}
Potions
 d - a potion of might
 o - 2 potions of curing
 p - a potion of cancellation
 u - a potion of heal wounds
 w - a potion of haste


   Skills:
 - Level 7.0 Fighting
 + Level 7.9 Axes
 + Level 6.8 Armour
 - Level 3.2 Shields


You had 7 spell levels left.
You didn't know any spells.
Your spell library contained the following spells:

 Spells                   Type           Power      Damage    Failure   Level
 Portal Projectile        Hex/Tloc       0%         N/A       99%         3
 Summon Guardian Golem    Hex/Summ       0%         N/A       99%         3
 Tukima's Dance           Hex            0%         N/A       99%         3
 Blade Hands              Tmut           0%         N/A       100%        5
 Orb of Destruction       Conj           0%         9d5       100%        7
 Spellforged Servitor     Conj/Summ      0%         N/A       100%        7


Dungeon Overview and Level Annotations

Branches:
Dungeon (6/15)             Temple (1/1) D:4

Altars:
Ashenzari
Cheibriados
Dithmenos
Elyvilon
Fedhas
Gozag
Hepliaklqana
Kikubaaqudgha
Makhleb
Nemelex Xobeh
Okawaru
Qazlal
Ru
Sif Muna
Trog
Uskayaw
Vehumet
Wu Jian
Xom
Yredelemnul
Zin
The Shining One

Shops:
D:5 *

Annotations:
D:5 exclusion: downstairs


Innate Abilities, Weirdness & Mutations

Your life essence is reduced to manifest your ancestor. (-10% HP)
You are amphibious.
You cover ground slowly.
You can hop short distances.
You have an extended range of vision and can be seen from far away.


Message History

You swap places.
You shoot a sling bullet. The sling bullet hits the electric eel!
The electric eel is severely wounded.
The electric eel shoots out a bolt of lightning at you!
The bolt of electricity hits you. The bolt of electricity misses you.
You shoot a sling bullet.
The sling bullet barely misses the electric eel.
The electric eel shoots out a bolt of lightning at you!
The bolt of electricity hits you!
You shoot a sling bullet.
The sling bullet closely misses the electric eel.
You shoot a sling bullet.
The sling bullet barely misses the electric eel.
You shoot a sling bullet.
The sling bullet hits the electric eel but does no damage.
The electric eel is severely wounded.
The electric eel shoots out a bolt of lightning at you!
The bolt of electricity hits you!
You shoot a sling bullet.
The sling bullet closely misses the electric eel.
You shoot a sling bullet. The sling bullet hits the electric eel.
The electric eel is almost dead.
The electric eel shoots out a bolt of lightning at you!
The bolt of electricity hits you!
You shoot a sling bullet. The sling bullet hits the electric eel.
The electric eel is almost dead.
The electric eel shoots out a bolt of lightning at you!
The bolt of electricity hits you!
You are too injured to fight recklessly!
Unknown command.
The electric eel shoots out a bolt of lightning at you!
The bolt of electricity hits you!
* * * LOW HITPOINT WARNING * * *
You see here a +0 trident.
The electric eel shoots out a bolt of lightning at you!
The bolt of electricity hits Nikki!
The bolt of electricity hits you!
* * * LOW HITPOINT WARNING * * *
The electric eel shoots out a bolt of lightning at you!
The bolt of electricity hits Nikki!
The bolt of electricity hits you!
You die...

≈≈#≈≈≈ ≈≈≈≈≈≈ #.# ##≈≈ ≈≈
≈≈SS≈.. #.# ##w≈≈≈ ≈≈≈.#.##
#.# . #≈≈ ≈≈##[.# #.# ...
#.# #R####.# #...##.#
#.#).#.##### ##..@#......##
###..#...#..#..##
###..#...#...#....#
#..#...#...#..[#..#
#....#...#...#....# ###
#..#...#..†#...#..#
###.#####....#...#.).#....#
.......>...#...#...#...#(.#
.(...........#.))#...#....#


You could see the friendly Nikki the ancestor and 2 electric eels.

Vanquished Creatures
  A black bear (D:5)
  2 ogres
  2 necrophages
  2 wights (D:6)
  2 hounds
  An orc priest (D:5)
  2 jellies
  An iguana (D:3)
  3 orc wizards
  14 gnolls
  8 adders
  2 white imps
  A worm (D:4)
  A dart slug (D:6)
  12 orcs
  13 ball pythons
  9 endoplasms
  2 giant cockroaches (D:1)
  7 goblins
  10 hobgoblins
  5 kobolds
  A quokka (D:3)
  6 bats
  2 frilled lizards (D:2)
  A rat (D:1)
  A spectral hobgoblin (D:1)
111 creatures vanquished.

Vanquished Creatures (collateral kills)
  A phantom (D:5)
  A hound (D:5)
  An adder (D:5)
  2 dart slugs (D:6)
  2 orcs (D:6)
7 creatures vanquished.

Vanquished Creatures (others)
  An ancestor (D:6)
1 creature vanquished.

Grand Total: 119 creatures vanquished

Notes
Turn   | Place    | Note
-------+----------+-------------------------------------------
     0 | D:1      | porpoise the Barachi Fighter began the quest for the Orb.
     0 | D:1      | Reached XP level 1. HP: 18/18 MP: 1/1
   451 | D:1      | Reached XP level 2. HP: 25/25 MP: 2/2
   775 | D:1      | Found a faded altar of an unknown god.
   946 | D:1      | Reached XP level 3. HP: 31/31 MP: 3/3
  1514 | D:2      | Reached XP level 4. HP: 19/38 MP: 4/4
  1531 | D:2      | Reached skill level 5 in Fighting
  2039 | D:3      | Identified the +4 scale mail of Negligence {rF++ rC+}
  2140 | D:3      | Reached XP level 5. HP: 38/44 MP: 5/5
  2501 | D:3      | Found a broken altar of Ashenzari.
  2879 | D:3      | Reached skill level 5 in Axes
  2879 | D:3      | Reached XP level 6. HP: 51/52 MP: 6/6
  3197 | D:4      | Found a staircase to the Ecumenical Temple.
  3316 | Temple   | Entered the Ecumenical Temple
  3555 | Temple   | Became a worshipper of Hepliaklqana the Forgotten
  3821 | D:4      | Reached XP level 7. HP: 60/60 MP: 7/7
  4379 | D:5      | Entered Level 5 of the Dungeon
  4640 | D:5      | Reached * piety under Hepliaklqana
  4684 | D:5      | Reached skill level 5 in Armour
  4912 | D:5      | Reached XP level 8. HP: 52/60 MP: 8/8
  5045 | D:5      | Found Jeysoif's General Store.
  5050 | D:5      | Bought the +1 helmet of the Seven of Cups {Dex+3} for 250
                  | gold pieces
  5375 | D:6      | HP: 2/60 [electric eel/bolt of electricity (11)]
  5375 | D:6      | Killed from afar by an electric eel

Illustrated notes

Levels and vault maps discovered:
D:1:      dpeg_arrival_court, layout_loops_ring,
          dreamdust_ecumenical_altar_drowned_temple,
          minmay_misc_feat_more_columns
D:2:      layout_rooms
D:3:      layout_loops_ring, nicolae_ashenzari_panopticon, minmay_liquid_box
D:4:      layout_basic, minmay_temple_entry_stoned_glass, grunt_decor_one_mirror
D:5:      layout_basic, serial_shops, nicolae_shop_hallway_plus
D:6:      kennysheep_slugbush, layout_loops_ring, hex_medium, uniq_edmund
Temple:   mainiacjoe_temple_hex_bubbles

Skill      XL: |  1  2  3  4  5  6  7  8 |
---------------+-------------------------+-----
Fighting       | 4 5 6 7 |  7.0
Axes           | 3 4 5 7 |  7.9
Armour         | 5 6 |  6.8
Shields        | |  3.2

Action                   |  1- 3 |  4- 6 |  7- 9 || total
-------------------------+-------+-------+-------++-------
Melee: War axe           |    92 |   149 |   107 ||   348
 Fire: Hunting sling     |       |    69 |    63 ||   132
Throw: Dart              |       |     4 |       ||     4
Invok: Ancestor Identity |       |       |     1 ||     1
 Abil: Hop               |       |     1 |       ||     1
  Use: Potion            |       |     3 |       ||     3
       Scroll            |       |       |     3 ||     3
 Stab: Invisible         |       |     1 |       ||     1
Armor: Scale mail        |    43 |    61 |    57 ||   161
Dodge: Dodged            |    45 |    68 |    39 ||   152
Block: Buckler           |    19 |    73 |    52 ||   144
       Reflection        |       |     1 |     3 ||     4

Table legend: (Time is in decaauts)
 A = Elapsed time spent in this place.
 B = Non-inter-level travel time spent in this place.
 C = Inter-level travel time spent in this place.
 D = Time resting spent in this place.
 E = Time spent auto-exploring this place.
 F = Levels seen in this place.
 G = Mean time per level.
                   A        B        C        D        E       F      G
               +--------+--------+--------+--------+--------+-----+--------+
         Total |   6113 |   5889 |    224 |   1425 |   3190 |   7 |  873.3 |
       Dungeon |   5814 |   5621 |    193 |   1425 |   2928 |   6 |  969.0 |
        Temple |    299 |    269 |     30 |      0 |    262 |   1 |  299.0 |
               +--------+--------+--------+--------+--------+-----+--------+

Top non-repeatable levels by time:
     D:1: 1387 daAuts
     D:4: 1334 daAuts
     D:3: 1204 daAuts
     D:5: 877 daAuts
     D:2: 816 daAuts
  Temple: 299 daAuts
     D:6: 194 daAuts
